 Dungeon Crawl Stone Soup version 0.19-a0-503-g45a6586 (webtiles) character file.

184 Duffy the Chopper (level 5, -11/38 HPs)
             Began as a Mummy Gladiator on June 5, 2016.
             Mangled by an ogre
             ... wielding a +0 giant club
              (18 damage)
             ... on level 3 of the Dungeon.
             The game lasted 00:03:38 (3073 turns).

Duffy the Chopper (Mummy Gladiator)                 Turns: 3073, Time: 00:03:40

Health: -11/38     AC:  9    Str: 20    XL:     5   Next: 36%
Magic:  5/5        EV: 10    Int:  7    God:
Gold:   193        SH:  0    Dex: 12    Spells: 0 memorised, 4 levels left

rFire  . . .     SeeInvis +     a - +0 war axe
rCold  . . .     Gourm    .     k - +0 scale mail
rNeg   + + +     Faith    .     (no shield)
rPois  ∞         Spirit   .     c - +0 helmet
rElec  .         Dismiss  .     n - +0 cloak
rCorr  .         Reflect  .     m - +0 pair of gloves
SustAt .         Harm     .     (no boots)
MR     .....                    (no amulet)
Stlth  ..........               l - ring of see invisible
                                e - ring of fire

@: not resistant to hostile enchantments, extremely unstealthy
A: no food or potions, fire vulnerability, cold resistance 1, negative energy
resistance 3, torment resistance, unbreathing
a: no special abilities


You were on level 3 of the Dungeon.
You were not hungry.

You visited 1 branch of the dungeon, and saw 4 of its levels.

You collected 193 gold pieces.


Innate Abilities, Weirdness & Mutations

You do not eat or drink.
Your flesh is vulnerable to fire.
You are immune to poison.
Your flesh is cold resistant. (rC+)
You are immune to negative energy. (rN+++)
You are immune to unholy pain and torment.
You can survive without breathing.


   Skills:
 - Level 2.0 Fighting
 + Level 4.8 Axes
 - Level 1.5 Throwing
 + Level 1.2 Armour
 - Level 2.4 Dodging


You had 4 spell levels left.
You didn't know any spells.

Inventory:

Hand Weapons
 a - a +0 war axe (weapon)
 b - a +0 blowgun
Missiles
 d - 4 throwing nets
 i - 5 javelins (quivered)
 o - 21 poisoned needles
 q - 4 tomahawks
Armour
 c - a +0 helmet (worn)
 k - a +0 scale mail (worn)
 m - a +0 pair of gloves (worn)
 n - a +0 cloak (worn)
Jewellery
 e - a ring of fire (left hand)
 l - a ring of see invisible (right hand)
Scrolls
 f - a scroll of blinking {unknown}
 g - 4 scrolls of identify {unknown}
 h - a scroll of fear {unknown}
 j - 4 scrolls of noise {unknown}
 p - a scroll of amnesia {unknown}
 r - a scroll of enchant weapon {unknown}
 s - a scroll of immolation {unknown}

Dungeon Overview and Level Annotations

Branches:
Dungeon (4/15)
 Temple: D:4-7

Altars:
Kikubaaqudgha
The Shining One


Message History

The orc is moderately wounded.
The orc closely misses you. The orc hits you but does no damage.
You hit the orc but do no damage.
The orc is moderately wounded.
The orc hits you.
You completely miss the orc.
The orc is moderately wounded.
The orc hits you but does no damage.
You closely miss the orc.
The orc is moderately wounded.
The orc barely misses you.
You closely miss the orc.
The orc is moderately wounded.
The orc hits you but does no damage. The orc closely misses you.
You hit the orc.
You kill the orc!
No target in view!
Things that are here:
a scale mail; an orc corpse HP restored.
Done exploring.
There is a stone staircase leading down here.
You see here a +0 ring mail.
There is a stone staircase leading down here.
You climb downwards.
There is a stone staircase leading up here.
There is a stone staircase leading down here.
You climb downwards.
The worker ant twitches its antennae in your direction.
The ogre shouts!
The worker ant bites you but does no damage.
The ogre hits you with a giant club!
There is a stone staircase leading up here.
The giant gecko bites you. The worker ant closely misses you.
Found a stone staircase leading up.
You barely miss the worker ant. You barely miss the ogre.
Your scale mail prevents you from hitting the giant gecko.
The giant gecko bites you.
The worker ant bites you but does no damage.
The ogre hits you but does no damage. The giant gecko barely misses you.
The worker ant misses you. The giant gecko completely misses you.
The worker ant bites you. The worker ant barely misses you.
The giant gecko closely misses you.
There is a stone staircase leading up here.
The ogre hits you with a giant club! The giant gecko bites you.
You climb upwards.
There is a stone staircase leading down here.
Unknown command.
The ogre hits you with a giant club!!
You die...

####### ##..l..##
##...O@..## #.........#
#.........# #########
#.........# #8888888#
#.........# #80~.~~8#
#.........#
#800~.~8###.........#
#8.~8~..'.#.........###
#8~.~0~8#.............######


You could see an ogre and a giant gecko.

Action                   |  1- 3 |  4- 6 || total
-------------------------+-------+-------++-------
Melee: War axe           |   138 |   136 ||   274
Armor: Leather armour    |     8 |       ||     8
       Ring mail         |    53 |       ||    53
       Scale mail        |    14 |    86 ||   100
Dodge: Dodged            |   135 |    97 ||   232

Notes
Turn   | Place    | Note
--------------------------------------------------------------
     0 | D:1      | Duffy the Mummy Gladiator began the quest for the Orb.
     0 | D:1      | Reached XP level 1. HP: 16/16 MP: 1/1
   503 | D:1      | Reached XP level 2. HP: 21/22 MP: 2/2
   550 | D:1      | Reached skill level 3 in Axes
   929 | D:1      | Reached XP level 3. HP: 25/27 MP: 3/3
  1516 | D:2      | Reached skill level 4 in Axes
  1516 | D:2      | Reached XP level 4. HP: 25/33 MP: 4/4
  1612 | D:2      | Found an ancient bone altar of Kikubaaqudgha.
  1703 | D:2      | Found a glowing golden altar of the Shining One.
  2421 | D:3      | Found a faded altar of an unknown god.
  2745 | D:4      | Noticed an ogre
  2762 | D:3      | Reached XP level 5. HP: 29/38 MP: 5/5
  2774 | D:3      | Reached skill level 1 in Armour
  2882 | D:4      | Noticed an ogre
  3073 | D:3      | Mangled by an ogre

Skill      XL: |  1  2  3  4  5 |
---------------+----------------+-----
Axes           | 3 4 |  4.8
Armour         | 1 |  1.2
Fighting       | |  2.0
Throwing       | |  1.5
Dodging        | |  2.4

Vault maps used:
D:1:      elethiomel_arrival_shortcut, serial_bayou_crossing
D:2:      kiku_gazebo_garden_becter, tso_metal_star
D:3:      first_bread, ecumenical_altar_2, kennysheep_generic_room_9
D:4:      old_standard_altar, amethyst_overflow_temple_binary, serial_shops,
          shop

Vanquished Creatures
  A hound
  A worker ant
  4 adders
  2 oozes
  2 worms
  4 dart slugs
  2 orcs
  2 giant cockroaches
  7 goblins
  9 hobgoblins
  6 jackals
  A quokka
  A ball python
  4 bats
  7 giant newts
  7 kobolds
  13 rats
73 creatures vanquished.
